 Dungeon Crawl Stone Soup version 0.30-a0-457-g4b7bca3bfa (webtiles) character file.

Game seed: 7337838453286027115

849 Bnni the Reanimator (level 7, -1/53 (54) HPs)
             Began as a Demonspawn Necromancer on Dec 13, 2022.
             Slain by a necrophage (2 damage)
             ... on level 5 of the Dungeon.
             The game lasted 00:09:14 (4516 turns).

Bnni the Reanimator (Demonspawn Necromancer)        Turns: 4516, Time: 00:09:15

HP:   -1/53 (54)    AC: 11    Str:  8    XL:     7   Next: 69%
MP:   10/13         EV: 12    Int: 19    God:
Gold: 263           SH:  4    Dex: 13    Spells: 6/14 levels left

rFire   . . .      SeeInvis .    w - +4 scythe (vorpal)
rCold   + . .      Faith    .    (shield currently unavailable)
rNeg    . . .      Spirit   .    a - +0 robe
rPois   .          Reflect  .    (helmet restricted)
rElec   .          Harm     .    D - +2 cloak
rCorr   .          Rampage  .    (no gloves)
Will    .....                    (no boots)
Stlth   ++........               j - amulet of magic regeneration
HPRegen 0.28/turn                (no ring)
MPRegen 0.53/turn                E - ring of protection from cold

@: sanguine armoured, animating dead, lightly drained
A: antennae 1, demonic guardian 1, sanguine armour 1, condensation shield
a: no special abilities


You were on level 5 of the Dungeon.
You visited 1 branch of the dungeon, and saw 5 of its levels.

You collected 263 gold pieces.

Inventory:

Hand Weapons
 v - a +1 dagger of venom
 w - a +4 vorpal scythe (weapon)
Missiles
 o - 6 poisoned darts
 y - a throwing net
Armour
 a - a +0 robe (worn)
 m - a +1 scale mail of poison resistance
 n - a +0 leather armour
 r - a +0 buckler
 D - a +2 cloak (worn)
Jewellery
 j - an amulet of magic regeneration (around neck)
 A - a +6 ring of dexterity
 E - a ring of protection from cold (right hand)
Wands
 l - a wand of charming (8)
 x - a wand of digging (5)
 C - a wand of quicksilver (3)
Scrolls
 c - 7 scrolls of identify {unknown}
 d - 2 scrolls of teleportation {unknown}
 f - 2 scrolls of blinking {unknown}
 k - 2 scrolls of vulnerability {unknown}
 B - a scroll of fear {unknown}
Potions
 e - a potion of brilliance {unknown}
 g - a potion of cancellation {unknown}
 h - 3 potions of heal wounds {unknown}
 i - 2 potions of mutation {unknown}
 p - 2 potions of flight {unknown}
 q - a potion of attraction {unknown}
 s - 4 potions of curing
 t - a potion of might {unknown}
 z - 2 potions of lignification {unknown}


   Skills:
 + Level 4.0 Fighting
 - Level 1.7 Dodging
 - Level 1.7 Stealth
 + Level 4.3 Spellcasting
 * Level 8.1 Necromancy


You had 6 spell levels left.
You knew the following spells:

 Your Spells              Type           Power      Damage    Failure   Level
a - Necrotise             Necr           100%       1d9       1%          1
c - Vampiric Draining     Necr           35%        2d8       1%          3
d - Animate Dead          Necr           35%        N/A       4%          4

Your spell library contained the following spells:

 Spells                   Type           Power      Damage    Failure   Level
 Agony                    Necr           35%        N/A       13%         5


Dungeon Overview and Level Annotations

Branches:
Dungeon (5/15)
 Temple: D:4-7

Altars:
Yredelemnul

Shops:
D:2 :


Innate Abilities, Weirdness & Mutations

You have a pair of small antennae on your head.
A weak demonic guardian rushes to your aid.
When seriously injured, your blood forms armour. (AC +6)
A meltable shield of frost defends you. (SH +4)


Message History

The ogre writhes in agony!
Your iron imp closely misses the necrophage.
Your orc wizard zombie barely misses the iguana.
The necrophage hits your iron imp.
Casting: Necrotise (safe; 1% risk of failure)
Confirm with . or Enter, or press ? or * to list all spells.
Aiming: Vampiric Draining (safe; 1% risk of failure)
Press: ? - help, Shift-Dir - straight line, f/p - ogre
Aim: an ogre, wielding a +0 giant club (severely wounded)
You draw life force from the ogre!
You kill the ogre!
You feel life coursing into your body.
The dead are walking!
Your iron imp hits the necrophage but does no damage.
Your orc wizard zombie hits the iguana but does no damage.
The necrophage hits your iron imp but does no damage.
Your life force feels restored.
Your Fighting skill increases to level 4!
Your Necromancy skill increases to level 8!
Unknown command.
Reach: w) +4 scythe (vorpal)
Press: ? - help, Dir - move target, f - necrophage
Aim: a necrophage (heavily damaged, ally target, about 43% to evade your +4 vorpal scythe)
You reach to attack!
You closely miss the necrophage.
The necrophage is heavily damaged.
Your iron imp hits the necrophage.
The necrophage hits your iron imp.
Your iron imp dies!
Your iron imp disappears in a puff of smoke!
Your orc wizard zombie hits the centaur but does no damage.
Unknown command.
Reach: w) +4 scythe (vorpal)
Press: ? - help, Dir - move target, f/p - necrophage
Aim: a necrophage (heavily damaged, ally target, about 43% to evade your +4 vorpal scythe)
You reach to attack!
You hit the necrophage.
The necrophage is heavily damaged.
Your orc wizard zombie hits the centaur.
Your ogre zombie barely misses the necrophage.
The necrophage hits you.
* * * LOW HITPOINT WARNING * * *
A demonic guardian appears!
You feel drained.
You die...

#.........###.........########
###...##..Z...................
#...##.####....†....########
#...##Z# #.........# #.
######...##.# #.........# #.
.Z.......##.# #.........# #.
######...##.#
#.......).#######.
###########.#
#5)......[........
.........Z..#
#@.Z......##...##.
#############
##n#########...###
####l####### #...##.
#..)c).....# #...##.
#..Z)Z.....# #...##.
#........... .......
#...).)....#######..
#..........# #.. #..........#
#..


You could see a necrophage (ally target), a centaur, an iguana, a friendly
ufetubus (summoned), a friendly orc wizard zombie and a friendly ogre zombie.

Vanquished Creatures
  Sigmund (D:4)
  2 ogres (D:5)
  Blork the orc (D:4)
  2 hounds
  Crazy Yiuf (D:4)
  An iguana (D:5)
  2 orc wizards (D:5)
  Robin (D:3)
  2 adders (D:2)
  4 gnolls (D:4)
  An adder zombie (D:3)
  A dart slug (D:4)
  4 ball pythons
  4 bats
  6 endoplasms
  4 giant cockroaches
  13 goblins
  8 hobgoblins
  9 kobolds
  2 quokkas
  7 frilled lizards
  A quokka zombie (D:3)
  6 rats
83 creatures vanquished.

Vanquished Creatures (collateral kills)
  A centaur (D:5)
  A hound (D:5)
  An orc priest (D:5)
  2 orcs (D:5)
  A goblin (D:1)
  A rat (D:1)
7 creatures vanquished.

Vanquished Creatures (others)
  A centaur zombie (D:5)
  A hound zombie (D:5)
  A dart slug zombie (D:4)
  3 gnoll zombies (D:4)
  A kobold zombie (D:4)
  2 orc zombies (D:5)
  2 fungi (D:4)
  2 withered plants (D:1)
13 creatures vanquished.

Grand Total: 103 creatures vanquished

Notes
Turn   | Place    | Note
-------+----------+-------------------------------------------
     0 | D:1      | Bnni the Demonspawn Necromancer began the quest for the
                  | Orb.
     0 | D:1      | Reached XP level 1. HP: 13/13 MP: 3/3
   301 | D:1      | Gained mutation: A weak demonic guardian rushes to your
                  | aid. [demonic ancestry]
   301 | D:1      | Reached XP level 2. HP: 20/20 MP: 3/5
   671 | D:1      | Found a faded altar of an unknown god.
  1026 | D:2      | Found Vylir's Book Boutique.
  1029 | D:2      | Reached skill level 1 in Fighting
  1144 | D:2      | Reached skill level 5 in Necromancy
  1144 | D:2      | Gained mutation: A meltable shield of frost defends you.
                  | (SH +4) [demonic ancestry]
  1144 | D:2      | Reached XP level 3. HP: 8/26 MP: 1/6
  1150 | D:2      | Learned a level 3 spell: Vampiric Draining
  2419 | D:3      | Noticed Robin
  2438 | D:3      | Reached XP level 4. HP: 22/32 MP: 2/7
  2447 | D:3      | Killed Robin
  2599 | D:3      | Learned a level 4 spell: Animate Dead
  2899 | D:3      | Found a basalt altar of Yredelemnul.
  3142 | D:4      | Noticed Blork the orc
  3152 | D:4      | Killed Blork the orc
  3153 | D:4      | Reached skill level 6 in Necromancy
  3153 | D:4      | Gained mutation: When seriously injured, your blood forms
                  | armour. (AC +6) [demonic ancestry]
  3153 | D:4      | Reached XP level 5. HP: 30/38 MP: 5/9
  3274 | D:4      | Noticed Sigmund
  3282 | D:4      | Killed Sigmund
  3283 | D:4      | Reached XP level 6. HP: 30/46 MP: 1/11
  3771 | D:4      | Reached skill level 7 in Necromancy
  3851 | D:4      | Found a runed translucent door.
  3852 | D:4      | Noticed Crazy Yiuf
  4073 | D:4      | Killed Crazy Yiuf
  4176 | D:5      | Entered Level 5 of the Dungeon
  4320 | D:5      | Gained mutation: You have a pair of small antennae on your
                  | head. [demonic ancestry]
  4320 | D:5      | Reached XP level 7. HP: 31/52 MP: 2/12
  4507 | D:5      | HP: 2/52 [centaur/arrow (5)]
  4515 | D:5      | Reached skill level 8 in Necromancy
  4516 | D:5      | HP: 1/54 [necrophage (6)]
  4516 | D:5      | Slain by a necrophage

Illustrated notes

Levels and vault maps discovered:
D:1:      dpeg_arrival_pits, layout_basic, ebering_ecumenical_altar_petrified,
          chequers_serial_rivers_micro_d
D:2:      layout_basic, serial_shops, nicolae_diamond_shop
D:3:      layout_basic, lemuel_zombie_altar_yredelemnul, uniq_robin
D:4:      layout_gridville, uniq_blork_the_orc, uniq_sigmund,
          uniq_crazy_yiuf_cottage
D:5:      layout_basic

Skill      XL: |  1  2  3  4  5  6  7 |
---------------+----------------------+-----
Fighting       | 1 2 3 4 |  4.0
Necromancy     | 5 6 7 8 |  8.1
Spellcasting   | 3 4 |  4.3
Dodging        | |  1.7
Stealth        | |  1.7

Action                   |  1- 3 |  4- 6 |  7- 9 || total
-------------------------+-------+-------+-------++-------
Melee: Unarmed           |    14 |       |       ||    14
       Short sword       |    64 |       |       ||    64
       Punch             |     1 |       |       ||     1
       Rapier            |    29 |     9 |       ||    38
       Dagger            |       |    57 |       ||    57
       Halberd           |       |     9 |    15 ||    24
Throw: Dart              |       |     2 |       ||     2
 Cast: Necrotise         |    26 |     9 |     4 ||    39
       Vampiric Draining |     2 |    13 |     5 ||    20
       Animate Dead      |       |     2 |     1 ||     3
  Use: Potion            |       |       |     1 ||     1
 Stab: Sleeping          |     8 |     5 |       ||    13
Armor: Robe              |    19 |    16 |    12 ||    47
Dodge: Dodged            |    66 |    58 |    16 ||   140
Block: Buckler           |     8 |    28 |       ||    36
       Other             |     6 |     5 |     5 ||    16

Table legend: (Time is in decaauts)
 A = Elapsed time spent in this place.
 B = Non-inter-level travel time spent in this place.
 C = Inter-level travel time spent in this place.
 D = Time resting spent in this place.
 E = Time spent auto-exploring this place.
 F = Levels seen in this place.
 G = Mean time per level.
                   A        B        C        D        E       F      G
               +--------+--------+--------+--------+--------+-----+--------+
         Total |   4533 |   4402 |    131 |    117 |   3535 |   5 |  906.6 |
       Dungeon |   4533 |   4402 |    131 |    117 |   3535 |   5 |  906.6 |
               +--------+--------+--------+--------+--------+-----+--------+

Top non-repeatable levels by time:
     D:4: 1232 daAuts
     D:3: 1026 daAuts
     D:2: 986 daAuts
     D:1: 941 daAuts
     D:5: 347 daAuts
